 Dungeon Crawl Stone Soup version 0.22.1-2-g9c5b331 (webtiles) character file.

457 dvd the Firebug (level 7, -19/41 HPs)
             Began as an Octopode Fire Elementalist on Dec 2, 2018.
             Killed from afar by Pikel (27 damage)
             ... with a wand of acid (5)
             ... on level 4 of the Dungeon.
             The game lasted 00:08:19 (3926 turns).

dvd the Firebug (Octopode Fire Elementalist)        Turns: 3926, Time: 00:08:19

Health: -19/41     AC:  1    Str:  7    XL:     7   Next: 6%
Magic:  6/13       EV: 13    Int: 20    God:
Gold:   147        SH:  0    Dex: 12    Spells: 7/14 levels left

rFire    . . .     SeeInvis .   r - +3 spear (venom)
rCold    . . .     Gourm    .   (no shield)
rNeg     . . .     Faith    .   (helmet restricted)
rPois    .         Spirit   .   p - amulet of harm
rElec    .         Reflect  .   (no ring)
rCorr    .         Harm     +   (no ring)
MR       .....                  (no ring)
Stlth    +++.......             (no ring)
HPRegen  0.13/turn              (no ring)
MPRegen  0.13/turn              (no ring)
                                (no ring)
                                (no ring)

@: no status effects
A: almost no armour, stealthy swim, amphibious, 8 rings, constrict 8, camouflage
1, gelatinous body 1
a: no special abilities


You were on level 4 of the Dungeon.
You were not hungry.

You visited 1 branch of the dungeon, and saw 4 of its levels.

You collected 147 gold pieces.

Inventory:

Hand Weapons
 e - a +0 short sword
 r - a +3 spear of venom (weapon)
 s - a +0 scimitar
Jewellery
 p - an amulet of harm (around mantle)
Wands
 n - a wand of flame (51)
Scrolls
 a - a scroll of enchant armour {unknown}
 c - a scroll of fear {unknown}
 f - 5 scrolls of identify {unknown}
 g - 4 scrolls of teleportation {unknown}
 j - 2 scrolls of remove curse {unknown}
 k - 2 scrolls of amnesia {unknown}
 l - a scroll of blinking {unknown}
Potions
 d - 3 potions of might {unknown}
 h - a potion of heal wounds {unknown}
 m - 2 potions of flight {unknown}
 o - a potion of mutation {unknown}
 q - a potion of lignification {unknown}
Comestibles
 b - 5 rations
 i - 2 chunks of flesh


   Skills:
 + Level 0.1 Fighting
 + Level 1.2 Short Blades
 + Level 1.2 Polearms
 + Level 2.3 Dodging
 + Level 3.8 Stealth
 + Level 4.1 Spellcasting
 + Level 3.0 Conjurations
 + Level 4.7 Fire Magic


You had 7 spell levels left.
You knew the following spells:

 Your Spells              Type           Power        Failure   Level  Hunger
a - Flame Tongue          Conj/Fire      ###..        2%          1    None
b - Throw Flame           Conj/Fire      ###...       3%          2    #......
c - Sticky Flame          Conj/Fire      ###.....     26%         4    ####...

Your spell library contained the following spells:

 Spells                   Type           Power        Failure   Level  Hunger
 Conjure Flame            Conj/Fire      ###.....     8%          3    ###....
 Animate Skeleton         Necr           N/A          13%         1    None
 Apportation              Tloc           #.....       13%         1    None
 Confusing Touch          Hex            #.....       13%         1    None
 Summon Small Mammal      Summ           #...         13%         1    None
 Inner Flame              Hex/Fire       ##......     14%         3    ###....
 Fireball                 Conj/Fire      ###.......   56%         5    ######.


Dungeon Overview and Level Annotations

Branches:
Dungeon (4/15)
 Temple: D:4-7

Altars:

Annotations:
D:4 Pikel


Innate Abilities, Weirdness & Mutations

You cannot wear most types of armour.
You are very stealthy in the water. (Stealth+)
You are amphibious.
You can wear up to eight rings at the same time.
You can use your tentacles to constrict eight enemies at once.
Your skin changes colour to match your surroundings (Stealth+).
Your rubbery body absorbs attacks. (AC +1, EV +1)


Message History

Pikel is lightly wounded.
Pikel is covered in liquid flames!
Pikel burns!
Pikel waves his whip at you. Pikel hits you with a whip of flaming!
* * * LOW HITPOINT WARNING * * *
Pikel burns you.
* * * LOW HITPOINT WARNING * * *
Pikel burns!
Pikel burns!
Pikel burns!
Pikel zaps a wand.
The bolt of acid misses you.
Casting: Sticky Flame (quite dangerous; 26% risk of failure)
Confirm with . or Enter, or press ? or * to list all spells.
Aiming: Throw Flame (safe; 3% risk of failure)
Press: ? - help, Shift-Dir - straight line, f/p - Pikel
Aim: Pikel, wielding a whip of flaming, wearing a robe and carrying a wand of The puff of flame hits Pikel.
Pikel appears unharmed.
Pikel is heavily wounded.
Pikel burns!
Pikel stops burning.
Pikel zaps a wand.
The bolt of acid hits you!
Ouch! That really hurt!
You die...

... #.# ##.##
#######.###...$
..............
...........#..#
#...........#..# #.#
#.......#.@###
##.###............#
##...##.......####K#.##.#
...............[p.p.......
.#...##.......####.#.##.##
...........#### #.#.#
.#...##.<#.# #.# .
.##.###..#.# #.# ## .##.#
#....# #.#


You could see Pikel and a slave.

Vanquished Creatures
  A water moccasin (D:3)
  A slave (D:4)
  Blork the orc (D:4)
  2 orc wizards (D:3)
  Jessica (D:2)
  Natasha (thrice) (D:3)
  5 adders
  2 worms
  3 dart slugs
  3 leopard geckos
  4 orcs (D:3)
  7 giant cockroaches
  7 goblins
  8 hobgoblins
  3 jackals (D:2)
  3 quokkas
  9 bats
  8 frilled lizards
  A jackal skeleton (D:4)
  5 kobolds
  8 rats
85 creatures vanquished.

Vanquished Creatures (others)
  2 fungi (D:4)
  8 toadstools (D:4)
10 creatures vanquished.

Grand Total: 95 creatures vanquished

Notes
Turn   | Place    | Note
-------+----------+-------------------------------------------
     0 | D:1      | dvd the Octopode Fire Elementalist began the quest for the
                  | Orb.
     0 | D:1      | Reached XP level 1. HP: 11/11 MP: 3/3
   214 | D:1      | Reached XP level 2. HP: 17/17 MP: 1/5
   253 | D:1      | Learned a level 2 spell: Throw Flame
   725 | D:1      | Reached XP level 3. HP: 21/21 MP: 2/6
  1419 | D:2      | Reached XP level 4. HP: 26/27 MP: 2/7
  1469 | D:2      | Learned a level 4 spell: Sticky Flame
  2186 | D:2      | Noticed Jessica
  2191 | D:2      | Killed Jessica
  2191 | D:2      | Reached XP level 5. HP: 31/31 MP: 2/9
  2415 | D:3      | Noticed a water moccasin
  2423 | D:3      | Killed a water moccasin
  2423 | D:3      | Reached XP level 6. HP: 21/36 MP: 2/11
  2760 | D:3      | Noticed Natasha
  2769 | D:3      | Killed Natasha
  3059 | D:3      | Noticed Natasha
  3068 | D:3      | Killed Natasha
  3069 | D:3      | Noticed Natasha
  3079 | D:3      | Killed Natasha
  3079 | D:3      | Reached skill level 1 in Short Blades
  3249 | D:3      | Reached skill level 1 in Polearms
  3606 | D:4      | Noticed Pikel
  3606 | D:4      | Noticed a slave
  3607 | D:4      | Noticed a slave
  3607 | D:4      | Noticed a slave
  3608 | D:4      | Noticed a slave
  3707 | D:4      | Noticed Blork the orc
  3726 | D:4      | Killed Blork the orc
  3726 | D:4      | Reached XP level 7. HP: 26/41 MP: 4/13
  3926 | D:4      | Killed from afar by Pikel

Skill      XL: |  1  2  3  4  5  6 |
---------------+-------------------+-----
Stealth        | 3 |  3.8
Conjurations   | 2 3 |  3.0
Fire Magic     | 4 |  4.7
Spellcasting   | 3 4 |  4.1
Short Blades   | 1 |  1.2
Polearms       | 1 |  1.2
Fighting       | |  0.1
Dodging        | |  2.3

Action                   |  1- 3 |  4- 6 |  7- 9 || total
-------------------------+-------+-------+-------++-------
Melee: Constrict         |     3 |    10 |     2 ||    15
       Unarmed           |     2 |       |       ||     2
       Short sword       |     6 |    19 |       ||    25
       Tentacles         |     1 |     3 |     1 ||     5
       Spear             |       |    15 |     6 ||    21
 Cast: Flame Tongue      |    44 |    63 |     3 ||   110
       Throw Flame       |     7 |    26 |     3 ||    36
       Sticky Flame      |       |     4 |     1 ||     5
Evoke: Wand              |       |     1 |       ||     1
  Use: Potion            |       |     2 |       ||     2
 Stab: Sleeping          |     1 |       |       ||     1
  Eat: Chunk             |     2 |     9 |     1 ||    12
Armor: Skin              |     2 |     3 |       ||     5
Dodge: Dodged            |    10 |    34 |     6 ||    50
